Map: Acropolis LE

Players

Kelazhur

  • Race: Terran Terran
  • League: Master
  • Spawn Location: 11:00

liquidthermy (uThermal) - Winner!

  • Race: Terran Terran
  • Spawn Location: 5:00

Event: HomeStory Cup XX

VOD

Have the link to the VOD?

Description

Time

  • Played on: Nov. 22, 2019, 3:49 p.m.
  • Length: 17:36

All games in this series

Show
View Real Time Build Order
Export as new Build Order

Kelazhur Terran 

Build Orders: Gas First Reaper Expand 

Get SALT Encoding   

  12  0:00  SCV  
  13  0:12  SCV  
  14  0:17  Supply Depot  
  14  0:24  SCV  
  14  0:28  Refinery  
  15  0:38  SCV  
  16  0:44  Barracks  
  16  0:50  SCV  
  17  1:02  SCV  
  18  1:15  SCV  
  19  1:31  Orbital Command, Reaper  
  20  1:46  Command Center  
  20  1:54  Factory  
  20  1:58  SCV  
  21  2:05  Barracks Reactor  
  21  2:08  Supply Depot  
  21  2:11  SCV  
  22  2:22  Refinery  
  22  2:24  SCV  
  23  2:36  SCV  
  24  2:42  Starport  
  23  2:46  Hellion x2  
  27  2:53  SCV  
  28  3:01  Barracks Tech Lab  
  28  3:05  SCV  
  28  3:10  Hellion  
  30  3:17  SCV  
  30  3:18  Hellion, Orbital Command  
  33  3:26  Medivac  
  35  3:28  Orbital Command  
  35  3:31  SCV  
  36  3:44  SCV  
  37  3:53  Factory Tech Lab  
  37  3:54  Supply Depot  
  37  3:55  SCV  
  38  3:56  SCV  
  38  3:57  Banshee  
  38  4:00  Cloaking Field  
  42  4:05  Engineering Bay  
  42  4:07  SCV  
  42  4:09  Marine x2, SCV  
  45  4:19  Engineering Bay, SCV  
  45  4:21  SCV  
  45  4:23  Cyclone  
  50  4:31  SCV  
  50  4:32  Supply Depot  
  42  4:46  Banshee, SCV  
  42  4:47  Marine x2  
  42  4:49  SCV  
  42  4:58  SCV  
  38  5:01  SCV  
  39  5:07  Marine  
  39  5:11  SCV  
  41  5:17  Marine  
  41  5:18  SCV  
  43  5:22  Siege Tank  
  43  5:24  SCV  
  47  5:29  Marine, Supply Depot  
  47  5:30  SCV  
  49  5:41  SCV  
  50  5:45  Marine  
  50  5:46  Raven  
  50  5:47  Marine  
  50  5:48  SCV  
  55  5:54  SCV  
  55  5:56  Command Center  
  56  5:59  Siege Tank  
  56  6:00  SCV  
  60  6:06  SCV  
  60  6:08  Marine x2  
  60  6:12  SCV  
  60  6:18  SCV  
  62  6:24  SCV  
  63  6:27  Barracks  
  63  6:28  Barracks  
  63  6:30  SCV  
  64  6:35  Siege Tank  
  64  6:36  SCV  
  64  6:38  Starport Reactor  
  68  6:42  Marine, SCV  
  68  6:46  Refinery  
  70  6:47  Refinery  
  70  6:50  Supply Depot  
  70  6:52  Supply Depot  
  70  6:56  Stimpack  
  70  7:06  Supply Depot  
  70  7:08  Marauder, SCV x2  
  74  7:10  Orbital Command  
  74  7:11  Barracks  
  74  7:13  Barracks  
  74  7:20  SCV x2  
  76  7:25  Starport Reactor  
  76  7:28  Siege Tank  
  76  7:29  Marine x4  
  82  7:31  Marauder  
  82  7:32  SCV x2  
  82  7:35  SCV  
  88  7:40  Terran Infantry Weapons Level 1  
  88  7:44  SCV  
  88  7:46  SCV  
  88  7:47  SCV  
  88  7:48  Marine x2  
  88  7:49  Marine  
  88  7:50  Marine  
  94  7:52  Marauder  
  96  8:00  Siege Tank, SCV  
  96  8:01  Marine  
  96  8:03  Medivac  
  96  8:04  Marine  
  103  8:13  Marauder  
  103  8:15  Marine  
  103  8:16  Marine  
  103  8:17  Marine  
  103  8:18  Marine  
  103  8:19  Marine, SCV x2  
  105  8:22  Marine  
  105  8:23  Medivac, SCV  
  104  8:31  SCV  
  104  8:32  Siege Tank  
  104  8:33  Marine  
  104  8:34  Marine  
  91  8:35  Marine x2, Marauder  
  91  8:37  Marine, SCV  
  91  8:39  Marine  
  80  8:45  SCV x2  
  81  8:51  Marine x2  
  81  8:52  Marine  
  81  8:53  Marine  
  81  8:54  Marine, Combat Shield  
  85  8:56  Marauder, SCV  
  85  8:57  Marine, SCV x2  
  85  9:02  Medivac x2  
  93  9:08  SCV  
  93  9:09  Marine, SCV x2  
  99  9:13  Supply Depot  
  99  9:16  Marine x5  
  104  9:17  Marauder  
  104  9:20  SCV  
  104  9:21  SCV  
  108  9:27  Marine  
  108  9:28  Supply Depot  
  109  9:34  Siege Tank  
  109  9:35  Supply Depot  
  112  9:45  Marine  
  103  9:46  Marine, SCV  
  103  9:50  Marine  
  101  9:55  SCV  
  101  9:57  Marine, SCV  
  101  9:58  SCV  
  101  9:59  Marine  
  88  10:00  Marine  
  88  10:04  Marine x3  
  93  10:07  SCV  
  93  10:08  Marine  
  93  10:09  SCV  
  93  10:12  SCV  
  96  10:14  Marine  
  96  10:15  Siege Tank  
  96  10:16  Viking x2  
  96  10:17  Marine  
  96  10:18  Marine  
  106  10:22  Marine x3  
  106  10:26  Marine  
  109  10:28  Concussive Shells  
  109  10:30  Terran Infantry Armor Level 1  
  109  10:36  Supply Depot  
  109  10:40  Barracks Tech Lab  
  109  10:41  Marine, Barracks Tech Lab  
  109  10:42  Marine x2, Marauder, Command Center  
  114  10:49  Viking x2  
  118  10:51  Marine  
  119  10:59  Marine  
  119  11:03  Marauder, Supply Depot  
  122  11:05  Refinery, SCV x3  
  122  11:06  Marauder, Refinery  
  122  11:07  Marine  
  122  11:08  Marine x2  
  122  11:09  Marine  
  126  11:25  Marauder  
  126  11:31  Marauder, Marine  
  126  11:32  Marauder, Marine  
  102  11:33  Marine, Siege Tank  
  102  11:35  Marine, SCV  
  102  11:39  SCV x2  
  109  11:45  Marine  
  110  11:47  SCV  
  110  11:49  Marine  
  110  11:50  Viking  
  110  11:51  Viking, SCV  
  110  11:52  Marauder  
  119  11:54  SCV  
  119  11:58  Planetary Fortress  
  119  11:59  SCV  
  121  12:03  Marine, Marauder, SCV  
  121  12:04  Marauder  
  121  12:06  Marine, SCV  
  121  12:08  Marine x2  
  130  12:12  SCV, Armory  
  130  12:13  Marine  
  130  12:15  SCV  
  134  12:18  SCV  
  134  12:22  Marine  
  136  12:23  Viking x2  
  136  12:24  Marauder  
  142  12:32  Marine x3, Marauder  
  142  12:33  Marauder  
  142  12:35  Supply Depot  
  142  12:36  Supply Depot  
  149  12:42  SCV x3  
  146  12:46  Marauder  
  145  12:53  Marine x2  
  145  12:54  SCV x3  
  152  13:04  Viking  
  154  13:06  SCV x3  
  154  13:09  Viking  
  165  13:16  Terran Infantry Weapons Level 2  
  165  13:17  Starport x2, Terran Ship Weapons Level 1  
  165  13:18  SCV x2  
  159  13:20  Refinery x2  
  157  13:28  SCV  
  157  13:29  SCV  
  157  13:30  SCV x2  
  159  13:40  Viking x2, SCV  
  164  13:42  SCV x2  
  166  13:53  SCV  
  166  13:55  Marine, Marauder  
  171  13:56  Marauder  
  171  13:59  Marine x2, Marauder  
  172  14:06  Starport Reactor x2  
  172  14:09  Fusion Core, Supply Depot  
  172  14:13  Supply Depot  
  172  14:18  Marauder, Marine  
  172  14:19  Marine, SCV x3  
  172  14:22  Viking x2  
  166  14:31  SCV x3  
  159  14:35  Marine  
  162  14:41  Command Center  
  162  14:43  SCV x2  
  162  14:44  SCV  
  165  14:46  Marine x6  
  165  14:47  Viking  
  165  14:51  Command Center  
  172  14:53  Marine  
  172  14:55  Viking x2, SCV x2  
  172  14:56  SCV  
  172  14:58  Liberator  
  172  14:59  Liberator x2  
  180  15:03  Marine  
  180  15:04  Marauder  
  181  15:10  SCV x3  
  181  15:12  Marine  
  181  15:13  Marauder  
  176  15:14  Marine  
  176  15:15  Marauder  
  183  15:22  SCV  
  183  15:26  Marauder, SCV x2  
  185  15:29  Medivac  
  187  15:44  Advanced Ballistics  
  187  15:48  SCV  
  188  15:54  Liberator x2  
  188  15:58  Armory  
  188  16:03  Marauder, Medivac x2, SCV x2  
  191  16:11  Viking  
  180  16:15  Siege Tank  
  180  16:18  Marine, Marauder  
  192  16:24  Planetary Fortress  
  193  16:25  SCV x2  
  193  16:26  SCV  
  193  16:30  Liberator x4  
  187  16:45  Marauder  
  167  16:49  Marine  
  167  16:50  Marine x2, Marauder x2  
  165  16:55  Siege Tank  
  165  16:56  Marine  
  169  17:05  Marine  
Show
View Real Time Build Order
Export as new Build Order

liquidthermy Terran - Winner!

Build Orders: Gas First Reaper Expand 

Get SALT Encoding   

  12  0:01  SCV  
  13  0:13  SCV  
  14  0:18  Supply Depot  
  14  0:25  SCV  
  14  0:27  Refinery  
  15  0:39  SCV  
  16  0:43  Barracks  
  16  0:51  SCV  
  17  1:03  SCV  
  18  1:15  SCV  
  19  1:31  Orbital Command, Reaper  
  20  1:45  Command Center  
  20  1:57  SCV  
  21  2:02  Factory  
  21  2:06  Barracks Reactor  
  21  2:09  SCV  
  21  2:15  Supply Depot  
  22  2:21  Refinery, SCV  
  22  2:33  SCV  
  23  2:48  SCV  
  23  2:50  Starport  
  24  2:53  Hellion  
  24  2:54  Hellion  
  28  2:59  Orbital Command  
  28  3:00  SCV  
  28  3:05  Orbital Command  
  29  3:12  SCV  
  29  3:13  Barracks Tech Lab  
  29  3:14  Hellion  
  29  3:17  Hellion  
  33  3:24  SCV  
  33  3:26  Medivac  
  36  3:30  SCV  
  36  3:42  SCV  
  36  3:46  Supply Depot  
  36  3:47  Marine x2  
  36  3:48  Cyclone  
  42  3:50  SCV  
  42  3:52  Bunker  
  42  3:54  SCV  
  44  4:01  Starport Tech Lab  
  44  4:02  Refinery, SCV  
  45  4:04  Marine  
  45  4:07  Marine  
  47  4:12  SCV  
  47  4:13  Supply Depot  
  47  4:17  SCV  
  49  4:20  Raven  
  49  4:23  Marine  
  52  4:25  Marine  
  52  4:27  SCV  
  52  4:29  Supply Depot  
  54  4:34  SCV  
  49  4:40  Marine, SCV  
  49  4:43  Marine  
  43  4:54  SCV  
  43  4:56  SCV  
  43  4:58  Marine  
  44  5:01  Marine  
  44  5:03  Raven  
  47  5:07  SCV  
  47  5:09  SCV  
  47  5:12  Cyclone  
  52  5:16  Marine  
  52  5:18  Marine  
  52  5:19  SCV  
  56  5:21  SCV  
  56  5:25  Command Center  
  56  5:31  SCV  
  56  5:33  SCV  
  56  5:43  SCV  
  56  5:46  Siege Tank  
  59  5:55  SCV  
  59  5:56  Viking  
  61  5:57  Supply Depot  
  61  5:58  Viking  
  61  6:00  SCV  
  64  6:07  SCV  
  64  6:09  Supply Depot  
  59  6:12  SCV  
  60  6:19  Siege Tank  
  60  6:20  SCV  
  60  6:24  SCV  
  65  6:26  Viking  
  65  6:31  Viking  
  69  6:33  SCV  
  69  6:35  Marine  
  69  6:37  SCV  
  72  6:42  Orbital Command  
  72  6:45  SCV  
  73  6:51  Siege Tank  
  73  6:52  SCV  
  73  6:54  Refinery  
  77  6:57  SCV  
  77  7:01  Engineering Bay  
  78  7:02  Viking  
  78  7:04  SCV  
  81  7:09  SCV  
  81  7:15  Viking  
  84  7:16  SCV  
  84  7:20  Supply Depot  
  84  7:21  SCV  
  86  7:23  Orbital Command  
  86  7:25  Siege Tank  
  86  7:28  SCV  
  90  7:31  Missile Turret x2  
  90  7:32  Viking  
  92  7:40  SCV  
  93  7:44  Missile Turret  
  93  7:45  Viking  
  93  7:46  SCV  
  93  7:49  SCV  
  97  7:57  Siege Tank, SCV  
  99  8:00  Liberator  
  99  8:01  SCV  
  99  8:02  Viking, SCV  
  102  8:09  SCV  
  103  8:13  SCV  
  103  8:14  SCV  
  108  8:21  SCV  
  109  8:29  SCV x2  
  109  8:30  Siege Tank  
  109  8:33  SCV  
  101  8:41  SCV x2  
  94  8:45  SCV  
  94  8:46  Refinery  
  94  8:47  Refinery, Viking  
  89  8:53  SCV x2  
  89  8:56  Armory  
  89  8:57  SCV  
  89  8:58  Armory  
  89  9:00  Viking  
  92  9:03  Missile Turret  
  92  9:04  Missile Turret  
  92  9:05  Missile Turret, SCV x2  
  92  9:06  Liberator  
  92  9:07  Siege Tank  
  92  9:08  Missile Turret  
  92  9:09  SCV  
  98  9:14  Liberator  
  98  9:17  Missile Turret, SCV x2  
  98  9:18  Missile Turret  
  98  9:21  Missile Turret  
  98  9:22  SCV  
  104  9:26  Supply Depot  
  104  9:29  SCV x2  
  106  9:38  Command Center  
  109  9:43  Siege Tank  
  95  10:05  SCV  
  94  10:07  Missile Turret  
  94  10:08  Missile Turret x2  
  94  10:10  SCV, Barracks Reactor  
  94  10:13  Factory  
  94  10:15  Siege Tank  
  94  10:17  SCV  
  95  10:26  Refinery, Command Center  
  95  10:34  SCV  
  96  10:40  Viking x2  
  100  10:43  Factory  
  100  10:44  Missile Turret  
  100  10:47  Siege Tank  
  100  10:48  SCV  
  100  10:49  Terran Vehicle And Ship Armor Level 1, Terran Vehicle Weapons Level 1  
  104  10:51  Orbital Command  
  104  10:55  Missile Turret  
  104  10:58  SCV  
  105  11:07  Missile Turret, SCV  
  106  11:13  Hellion x2, SCV  
  111  11:20  Siege Tank, SCV  
  111  11:22  Factory  
  111  11:23  Factory  
  90  11:34  Hellion  
  90  11:35  Hellion x2  
  90  11:40  SCV  
  90  11:41  SCV  
  90  11:44  SCV  
  93  11:50  SCV  
  93  11:52  Siege Tank  
  93  11:53  SCV  
  98  11:54  SCV  
  98  11:55  Siege Tank  
  98  11:56  SCV  
  98  11:58  Hellion  
  98  12:00  SCV  
  106  12:03  Infernal Pre-Igniter  
  106  12:05  SCV  
  107  12:08  Factory Tech Lab, Factory Reactor  
  107  12:09  SCV  
  107  12:10  Missile Turret  
  107  12:13  Hellion  
  110  12:17  SCV  
  110  12:19  Sensor Tower  
  110  12:20  Viking x2  
  110  12:21  SCV  
  117  12:22  SCV  
  117  12:24  Siege Tank  
  117  12:28  SCV  
  121  12:31  Siege Tank  
  121  12:32  Hellion  
  121  12:36  Hellion, Supply Depot  
  125  12:44  Hellion, Siege Tank  
  125  12:46  Hellion  
  125  12:50  Viking  
  130  12:53  Supply Depot  
  130  12:54  Hellion  
  130  12:56  Siege Tank  
  135  13:00  Command Center  
  131  13:06  Terran Vehicle Weapons Level 2  
  131  13:07  Terran Vehicle And Ship Armor Level 2  
  131  13:09  Hellion  
  131  13:11  Hellion  
  135  13:15  Viking  
  137  13:20  Viking  
  137  13:21  Hellion  
  137  13:22  Hellion  
  145  13:27  Hellion  
  145  13:28  Hellion  
  145  13:30  Hellion  
  145  13:32  Hellion  
  143  13:48  SCV, Thor  
  149  13:49  SCV x2, Thor  
  149  13:52  Viking  
  160  13:58  Hellion  
  161  14:03  Siege Tank  
  161  14:04  Hellion  
  161  14:09  Hellion  
  162  14:10  Planetary Fortress  
  162  14:14  Supply Depot  
  162  14:15  Hellion, SCV  
  165  14:20  Hellion  
  165  14:25  Hellion  
  165  14:31  Siege Tank  
  166  14:35  Refinery  
  162  14:39  SCV  
  162  14:40  Refinery x2  
  162  14:41  Sensor Tower  
  163  14:46  SCV x2  
  163  14:48  Missile Turret  
  163  14:51  Thor  
  169  14:58  Hellion, Viking  
  173  15:00  SCV  
  173  15:03  SCV  
  175  15:09  Thor  
  169  15:17  Thor  
  169  15:18  Hellion  
  171  15:21  Viking  
  169  15:29  Hellion  
  169  15:31  Hellion  
  169  15:34  Siege Tank  
  169  15:35  Viking  
  178  15:42  Hellion x2  
  180  15:50  SCV  
  180  15:51  Hellion, Supply Depot  
  180  15:52  Siege Tank  
  180  15:54  Hellion  
  186  15:59  Supply Depot  
  186  16:13  Hellion, Siege Tank x2  
  194  16:21  Hellion x2, Viking  
  194  16:25  Supply Depot  
  200  16:33  SCV  
  200  16:37  Viking  
  195  16:42  Hellion, Siege Tank  
  195  16:45  Siege Tank  
  195  16:46  Hellion  
  195  16:47  Hellion  
  195  16:48  Siege Tank  
  195  16:49  Hellion  
  195  16:51  Viking  
  188  17:04  Hellion  
  192  17:09  Hellion  
  192  17:11  Hellion  
  192  17:14  Hellion  
Tags
 
Add a new tag
Caveats
  • Supply blocks, unpowered buildings, or Contaminate may cause inaccurate times.
  • Supply counts are checked every 10 seconds.